 Dungeon Crawl Stone Soup version 0.21.1-1-g345015fe64 (webtiles) character file.

197 Oravi the Changer (level 5, -10/37 HPs)
             Began as a Merfolk Transmuter on May 1, 2018.
             Shot with an arrow by a centaur (15 damage)
             ... on level 4 of the Dungeon.
             The game lasted 00:11:52 (3097 turns).

Oravi the Changer (Merfolk Transmuter)              Turns: 3097, Time: 00:11:52

Health: -10/37     AC:  5    Str: 10    XL:     5   Next: 75%
Magic:  2/8        EV: 15    Int: 13    God:
Gold:   195        SH:  0    Dex: 15    Spells: 2/8 levels left

rFire    . . .     SeeInvis .     - Unarmed
rCold    . . .     Gourm    .   (no shield)
rNeg     . . .     Faith    .   b - +0 robe
rPois    .         Spirit   .   q - +0 helmet
rElec    .         Reflect  .   s - +0 cloak
rCorr    .         Harm     .   (no gloves)
MR       .....                  r - +0 pair of boots
Stlth    +.........             (no amulet)
HPRegen  0.12/turn              (no ring)
MPRegen  0.11/turn              (no ring)

@: very slightly contaminated, hasted, very quick
A: change form in water, swift swim, stealthy swim
a: no special abilities


You were on level 4 of the Dungeon.
You were not hungry.

You visited 1 branch of the dungeon, and saw 4 of its levels.

You collected 195 gold pieces.

Inventory:

Missiles
 a - 18 arrows
 e - 100 stones (quivered)
Armour
 b - a +0 robe (worn)
 q - a +0 helmet (worn)
 r - a +0 pair of boots (worn)
 s - a +0 cloak (worn)
Jewellery
 p - an uncursed ring of ice {unknown}
Scrolls
 h - 2 scrolls of random uselessness {unknown}
 i - 2 scrolls of identify
 j - a scroll of enchant armour {unknown}
 k - 2 scrolls of remove curse {unknown}
 l - 2 scrolls of enchant weapon {unknown}
 m - a scroll of fear {unknown}
 n - a scroll of magic mapping {unknown}
 u - a scroll of teleportation
 w - 2 scrolls of noise {unknown}
Potions
 f - a potion of haste
 g - a potion of resistance
 o - 2 potions of agility
 x - a potion of lignification {unknown}
Books
 c - a book of Changes

   Spells                             Type                      Level
   a - Beastly Appendage              Transmutation                1
   b - Sticks to Snakes               Transmutation                2
   c - Spider Form                    Transmutation/Poison         3
   d - Ice Form                       Ice/Transmutation            4
   e - Blade Hands                    Transmutation                5
Miscellaneous
 v - a box of beasts
Comestibles
 d - 6 rations
 t - 3 chunks of flesh


   Skills:
 - Level 1.1 Fighting
 + Level 4.6 Dodging
 + Level 4.4 Unarmed Combat
 - Level 2.0 Spellcasting
 + Level 4.6 Transmutations
 + Level 2.1 Poison Magic


You had 2 spell levels left.
You knew the following spells:

 Your Spells              Type           Power        Failure   Level  Hunger
a - Beastly Appendage     Tmut           ##....       3%          1    ##.....
b - Sticks to Snakes      Tmut           ##......     6%          2    ###....
c - Spider Form           Tmut/Pois      ##........   19%         3    ####...


Dungeon Overview and Level Annotations

Branches:
Dungeon (4/15)
 Temple: D:4-7

Altars:
The Shining One


Message History

You close the door.
Something unseen opens the door.
There's a creature in the doorway!
Something closely misses your ball python.
Your ball python bites the centaur.
The centaur completely misses your ball python.
Your ball python bites the centaur but does no damage.
The centaur shoots an arrow.
The arrow closely misses you.
Your ball python bites the centaur but does no damage.
The centaur hits your ball python with an enchanted shortbow!
Your ball python dies!
The centaur shoots an arrow.
The arrow barely misses you.
You see here an arrow.
The centaur shoots an arrow.
The arrow hits you.
The centaur shoots an arrow.
The arrow hits you!
* * * LOW HITPOINT WARNING * * *
You see here an arrow.
Okay, then.
It was a potion of haste.
You feel yourself speed up.
The centaur shoots an arrow.
The arrow hits you!
You die...

# ...####...# # ..........# +
..........# # ......#.......
....c.....# # ......#.......
c.........# # .....#......
..........# # #...##...#
#c..#
##+###...##...###########S..#
.....#........#.@.(....#....#
.....#........#.......c'....#
.....#.....)..'#########(...#
....##...##...##..###..##...#
....##...##..####.##.##.#...#
.....'...#...#_.##.##.##....#
....##...#...###.##.##.##...#
#...##.[.#....##...#...##...#
...<.#...#.....#########....#


You could see a centaur.

Vanquished Creatures
  A centaur skeleton (D:4)
  An iguana (D:4)
  5 adders
  A worm (D:2)
  4 dart slugs
  4 leopard geckos
  6 orcs
  5 giant cockroaches
  6 goblins
  8 hobgoblins
  3 jackals (D:1)
  11 kobolds
  4 ball pythons
  10 bats
  4 frilled lizards
  8 rats
81 creatures vanquished.

Vanquished Creatures (collateral kills)
  A worm (D:2)
  A dart slug (D:1)
  2 orcs
  A hobgoblin (D:1)
5 creatures vanquished.

Grand Total: 86 creatures vanquished

Notes
Turn   | Place    | Note
-------+----------+-------------------------------------------
     0 | D:1      | Oravi the Merfolk Transmuter began the quest for the Orb.
     0 | D:1      | Reached XP level 1. HP: 15/15 MP: 3/3
   130 | D:1      | Reached XP level 2. HP: 11/21 MP: 3/5
   134 | D:1      | Learned a level 2 spell: Sticks to Snakes
   505 | D:1      | Reached XP level 3. HP: 25/26 MP: 4/6
   515 | D:1      | Learned a level 3 spell: Spider Form
  1228 | D:2      | Reached skill level 1 in Poison Magic
  1228 | D:2      | Reached XP level 4. HP: 17/32 MP: 0/7
  2489 | D:3      | Reached XP level 5. HP: 37/37 MP: 8/8
  3048 | D:4      | Found a glowing golden altar of the Shining One.
  3071 | D:4      | Noticed a centaur
  3097 | D:4      | Shot with an arrow by a centaur

Skill      XL: |  1  2  3  4  5 |
---------------+----------------+-----
Dodging        | 3 4 |  4.6
Transmutations | 3 4 |  4.6
Poison Magic   | 1 2 |  2.1
Unarmed Combat | 4 |  4.4
Fighting       | |  1.1
Spellcasting   | |  2.0

Action                   |  1- 3 |  4- 6 || total
-------------------------+-------+-------++-------
Melee: Unarmed           |   113 |   124 ||   237
       Headbutt          |    16 |     2 ||    18
       Punch             |     1 |       ||     1
Throw: Stone             |    42 |    16 ||    58
 Cast: Beastly Appendage |    18 |     6 ||    24
       Sticks to Snakes  |    10 |     5 ||    15
       Spider Form       |       |    11 ||    11
  Use: Scroll            |     2 |       ||     2
       Potion            |       |     1 ||     1
 Stab: Distracted        |     1 |       ||     1
       Sleeping          |     1 |     2 ||     3
  Eat: Chunk             |     2 |     9 ||    11
Armor: Robe              |    15 |    14 ||    29
       Skin              |       |     2 ||     2
Dodge: Dodged            |    84 |   134 ||   218
